[Event "39th Olympiad Khanty-Mansiysk 2010"]
[Site "Khanty-Mansiysk/Russia"]
[Date "2010.09.21"]
[Round "1"]
[White "Elansary, Eman"]
[Black "Cosma, Elena-Luminita"]
[Result "0-1"]
[WhiteElo "1836"]
[BlackElo "2360"]
[PlyCount "88"]
[EventDate "2010.??.??"]
[WhiteTeam "Egypt"]
[BlackTeam "ROU"]
[WhiteTeamCountry "EGY"]
[TimeControl "40/5400+30:1800+30"]

1. e4 e6 2. d4 d5 3. exd5 exd5 4. Bd3 Bd6 5. Ne2 Nf6 6. O-O O-O 7. Bf4 Nc6 8.
c3 Ne7 9. Bxd6 Qxd6 10. Ng3 Bg4 11. Qc2 Rfe8 12. h3 Bd7 13. Nd2 Ng6 14. Nf3 Nf4
15. Bf5 Ne2+ 16. Nxe2 Bxf5 17. Qxf5 Rxe2 18. Rab1 Qb6 19. Ne5 Rxb2 20. g4 g6
21. Qd3 Rxb1 22. Rxb1 Qa6 23. Qf3 Rf8 24. h4 Ne4 25. Rb2 f6 26. Nd3 Qc6 27. Rc2
a5 28. Nf4 Qd7 29. h5 g5 30. Ng2 f5 31. Ne3 fxg4 32. Qxg4 Qxg4+ 33. Nxg4 Nf6
34. Nh6+ Kg7 35. Nf5+ Kf7 36. Rb2 b6 37. Rb5 Rd8 38. Ne3 Ke6 39. c4 dxc4 40.
Re5+ Kf7 41. d5 c3 42. Nf5 Nxd5 43. Nh6+ Kg7 44. Nf5+ Kf6 0-1

[Event "39th Olympiad Khanty-Mansiysk 2010"]
[Site "Khanty-Mansiysk/Russia"]
[Date "2010.09.21"]
[Round "1"]
[White "Thompson, Edward Nii Lamp"]
[Black "Drasko, Milan"]
[Result "0-1"]
[WhiteElo "1831"]
[BlackElo "2486"]
[PlyCount "70"]
[EventDate "2010.??.??"]
[WhiteTeam "Ghana"]
[BlackTeam "MNE"]
[WhiteTeamCountry "GHA"]
[TimeControl "40/5400+30:1800+30"]

1. d4 e6 2. c4 Nf6 3. Nf3 Bb4+ 4. Bd2 c5 5. Bxb4 cxb4 6. Nbd2 O-O 7. e4 d6 8.
Bd3 Nfd7 9. O-O e5 10. d5 a5 11. a3 Na6 12. Re1 Ndc5 13. Nf1 f5 14. exf5 Nxd3
15. Qxd3 Bxf5 16. Qe3 Rc8 17. Rec1 bxa3 18. Rxa3 Nc5 19. Ng3 Bg6 20. Qd2 h6 21.
Qe3 b6 22. Nd2 Qh4 23. f3 Rf7 24. Nde4 Bxe4 25. fxe4 g6 26. Qe2 Rcf8 27. Rf3
Rxf3 28. gxf3 Nb3 29. Rc3 Nd4 30. Qd1 Qh3 31. Qf1 Qxf1+ 32. Kxf1 Rxf3+ 33. Ke1
Rxc3 34. bxc3 Nf3+ 35. Kd1 Nxh2 0-1

[Event "39th Olympiad Khanty-Mansiysk 2010"]
[Site "Khanty-Mansiysk/Russia"]
[Date "2010.09.21"]
[Round "1"]
[White "Al-Harmoudi, Mona"]
[Black "Skinke, Katrina"]
[Result "0-1"]
[WhiteElo "1821"]
[BlackElo "2217"]
[PlyCount "46"]
[EventDate "2010.??.??"]
[WhiteTeam "United Arab Emirates"]
[BlackTeam "Latvia"]
[WhiteTeamCountry "UAE"]
[BlackTeamCountry "LAT"]
[TimeControl "40/5400+30:1800+30"]

1. d4 Nf6 2. Nf3 g6 3. Bf4 Bg7 4. e3 d6 5. h3 O-O 6. Be2 c5 7. c3 Nbd7 8. O-O
b6 9. Nbd2 Bb7 10. Bh2 Rc8 11. Re1 a6 12. a4 Re8 13. Qb3 d5 14. c4 e6 15. Rad1
Bf8 16. Bd3 cxd4 17. exd4 dxc4 18. Bxc4 Nb8 19. Qd3 Nc6 20. Bxa6 Nb4 21. Qb5
Bxa6 22. Qg5 h6 23. Qg4 Nxg4 0-1

[Event "39th Olympiad Khanty-Mansiysk 2010"]
[Site "Khanty-Mansiysk/Russia"]
[Date "2010.09.21"]
[Round "1"]
[White "Roos, Ezet"]
[Black "Velcheva, Maria"]
[Result "0-1"]
[WhiteElo "1817"]
[BlackElo "2272"]
[PlyCount "72"]
[EventDate "2010.??.??"]
[WhiteTeam "South Africa"]
[BlackTeam "Bulgaria"]
[WhiteTeamCountry "RSA"]
[BlackTeamCountry "BUL"]
[TimeControl "40/5400+30:1800+30"]

1. e4 c5 2. Nf3 e6 3. d4 cxd4 4. Nxd4 Nc6 5. Nc3 Qc7 6. Be2 Nf6 7. O-O Bb4 8.
Nxc6 bxc6 9. Qd3 O-O 10. Be3 a5 11. f3 d5 12. exd5 exd5 13. Rae1 Re8 14. a3 Bd6
15. f4 Ba6 16. Qd2 Bxe2 17. Rxe2 Ne4 18. Nxe4 Rxe4 19. g3 Rae8 20. Rfe1 Qe7 21.
Kf1 Qb7 22. c3 Qb5 23. Kg2 Qc4 24. Kf3 f5 25. h4 c5 26. Bf2 Kf7 27. Qd1 Rxf4+
28. gxf4 Qxf4+ 29. Kg2 Qh2+ 30. Kf1 Qh3+ 31. Kg1 Bh2+ 32. Kh1 Bg3+ 33. Kg1 Qh2+
34. Kf1 Qh1+ 35. Bg1 Qh3+ 36. Rg2 Rxe1+ 0-1

[Event "39th Olympiad Khanty-Mansiysk 2010"]
[Site "Khanty-Mansiysk/Russia"]
[Date "2010.09.21"]
[Round "1"]
[White "Sanchez, Rodriguez Wilmai"]
[Black "Makropoulou, Marina"]
[Result "0-1"]
[WhiteElo "1812"]
[BlackElo "2230"]
[PlyCount "88"]
[EventDate "2010.??.??"]
[WhiteTeam "Puerto Rico"]
[BlackTeam "Greece"]
[WhiteTeamCountry "PUR"]
[BlackTeamCountry "GRE"]
[TimeControl "40/5400+30:1800+30"]

1. e4 e5 2. f4 d5 3. exd5 exf4 4. Nf3 Bd6 5. Bc4 Ne7 6. O-O O-O 7. Nc3 c6 8.
dxc6 Nbxc6 9. d4 Ng6 10. Ne4 Bc7 11. c3 h6 12. Qc2 Kh8 13. Bd3 b6 14. Bd2 Bb7
15. Nf2 Nce7 16. Nh3 Rc8 17. Qc1 Qd6 18. Qe1 Rce8 19. Qf2 Nd5 20. Bxg6 fxg6 21.
Ne5 g5 22. Rae1 Kg8 23. Qf3 Ba8 24. Qh5 Nf6 25. Qg6 Ne4 26. Qxd6 Bxd6 27. Nc4
Bc7 28. Nf2 Bd5 29. Nxe4 Bxc4 30. Rf2 Bxa2 31. Ra1 Bd5 32. Rxa7 Bb8 33. Ra6
Bxe4 34. Rxb6 Bc7 35. Ra6 Bd3 36. Ra1 g4 37. Rc1 Bc4 38. Rb1 g5 39. b4 Ra8 40.
Be1 g3 41. hxg3 fxg3 42. Rf3 Rxf3 43. gxf3 Ra2 44. b5 Bf4 0-1

[Event "39th Olympiad Khanty-Mansiysk 2010"]
[Site "Khanty-Mansiysk/Russia"]
[Date "2010.09.21"]
[Round "1"]
[White "Boshra, Alshaeby"]
[Black "Olsarova, Tereza"]
[Result "0-1"]
[WhiteElo "1798"]
[BlackElo "2215"]
[PlyCount "57"]
[EventDate "2010.??.??"]
[WhiteTeam "Jordan"]
[BlackTeam "Czech Republic"]
[WhiteTeamCountry "JOR"]
[BlackTeamCountry "CZE"]
[TimeControl "40/5400+30:1800+30"]

1. d4 Nf6 2. c4 c5 3. d5 e6 4. Nc3 exd5 5. cxd5 d6 6. e4 g6 7. f4 Bg7 8. Nf3
O-O 9. Bd3 Bg4 10. O-O Nbd7 11. h3 Bxf3 12. Qxf3 a6 13. a4 Rc8 14. Kh1 c4 15.
Bc2 Nc5 16. f5 Nfd7 17. Bf4 Ne5 18. Bxe5 Bxe5 19. g4 Qh4 20. Rg1 g5 21. Rg2 f6
22. Rb1 Rf7 23. Ne2 b5 24. axb5 axb5 25. b4 Nd7 26. Nc3 Rb8 27. Ra1 h5 28. Rag1
Rh7 29. Qd1 0-1

[Event "39th Olympiad Khanty-Mansiysk 2010"]
[Site "Khanty-Mansiysk/Russia"]
[Date "2010.09.21"]
[Round "1"]
[White "Brookfield, Toby"]
[Black "Volodin, Aleksandr"]
[Result "0-1"]
[WhiteElo "1782"]
[BlackElo "2433"]
[PlyCount "62"]
[EventDate "2010.??.??"]
[WhiteTeam "Channel Islands"]
[BlackTeam "Estonia"]
[WhiteTeamCountry "GCI"]
[BlackTeamCountry "EST"]
[TimeControl "40/5400+30:1800+30"]

1. f4 d5 2. Nf3 g6 3. e3 Bg7 4. Be2 Nf6 5. O-O O-O 6. d3 c5 7. Nc3 d4 8. Ne4
Nfd7 9. Ng3 dxe3 10. c3 Nf6 11. Bxe3 Qc7 12. Ne4 Nd5 13. Bxc5 f5 14. Qb3 fxe4
15. Qxd5+ e6 16. Qxe4 Qxc5+ 17. d4 Qc7 18. Ng5 Nc6 19. Bd3 Rf6 20. Rae1 Ne7 21.
g4 Bd7 22. f5 gxf5 23. gxf5 Rh6 24. Re2 Bc6 25. Qg4 exf5 26. Bxf5 Nxf5 27. Qxf5
Rf8 28. Qg4 Rxf1+ 29. Kxf1 Bb5 30. Ne6 Bxe2+ 31. Kxe2 Qc4+ 0-1

[Event "39th Olympiad Khanty-Mansiysk 2010"]
[Site "Khanty-Mansiysk/Russia"]
[Date "2010.09.21"]
[Round "1"]
[White "Johannsdottir, Johanna Bj"]
[Black "Dworakowska, Joanna"]
[Result "0-1"]
[WhiteElo "1781"]
[BlackElo "2315"]
[PlyCount "68"]
[EventDate "2010.??.??"]
[WhiteTeam "Iceland"]
[BlackTeam "Poland"]
[WhiteTeamCountry "ISL"]
[BlackTeamCountry "POL"]
[TimeControl "40/5400+30:1800+30"]

1. e4 g6 2. d4 Bg7 3. Nc3 c6 4. Be3 d6 5. Qd2 b5 6. Bd3 Nd7 7. Nf3 a6 8. O-O e5
9. a3 Bb7 10. Rfe1 Ngf6 11. Rad1 Ng4 12. Bg5 f6 13. Bh4 h5 14. h3 Nh6 15. dxe5
dxe5 16. Bf1 Nf7 17. Qe3 Qe7 18. Rd3 a5 19. Red1 Nc5 20. R3d2 g5 21. Bg3 b4 22.
axb4 axb4 23. Nb5 cxb5 24. Bxb5+ Kf8 25. Rd7 Nxd7 26. Rxd7 Ra1+ 27. Ne1 Qxd7
28. Bxd7 h4 29. Bh2 Bh6 30. Qc5+ Kg7 31. Qxb4 Rd8 32. Be6 Rd4 33. Qc3 Rxe4 34.
f3 Raxe1+ 0-1

[Event "39th Olympiad Khanty-Mansiysk 2010"]
[Site "Khanty-Mansiysk/Russia"]
[Date "2010.09.21"]
[Round "1"]
[White "Sotomayor, Villatoro Silv"]
[Black "Arribas Robaina, Maritza"]
[Result "0-1"]
[WhiteElo "1777"]
[BlackElo "2282"]
[PlyCount "70"]
[EventDate "2010.??.??"]
[WhiteTeam "Guatemala"]
[BlackTeam "Cuba"]
[WhiteTeamCountry "GUA"]
[BlackTeamCountry "CUB"]
[TimeControl "40/5400+30:1800+30"]

1. d4 d6 2. e4 Nf6 3. Nc3 c6 4. f3 Nbd7 5. Be3 e5 6. Bc4 Be7 7. a3 O-O 8. Nge2
exd4 9. Nxd4 d5 10. exd5 Nb6 11. Ba2 Nfxd5 12. Nxd5 Nxd5 13. Bxd5 Qxd5 14. O-O
Bf6 15. c3 b6 16. Qc2 c5 17. Nb5 Bf5 18. Qc1 Qc6 19. c4 Rfe8 20. Rd1 Bxb2 21.
Qxb2 Rxe3 22. Rd6 Qe8 23. Qd2 Re2 24. Qc1 h6 25. h3 Qe5 26. Rd5 Qf6 27. Rd6 Qh4
28. Qf1 Rae8 29. Rdd1 Bxh3 30. Nc3 Rxg2+ 31. Qxg2 Bxg2 32. Kxg2 Qg5+ 33. Kf1
Qe3 34. Nd5 Qxf3+ 35. Kg1 Re2 0-1

[Event "39th Olympiad Khanty-Mansiysk 2010"]
[Site "Khanty-Mansiysk/Russia"]
[Date "2010.09.21"]
[Round "1"]
[White "Cortes Arias, Mariela"]
[Black "Fuchs, Judith"]
[Result "0-1"]
[WhiteElo "1772"]
[BlackElo "2237"]
[PlyCount "88"]
[EventDate "2010.??.??"]
[WhiteTeam "Chile"]
[BlackTeam "Germany"]
[WhiteTeamCountry "CHI"]
[BlackTeamCountry "GER"]
[TimeControl "40/5400+30:1800+30"]

1. f4 d5 2. Nf3 Nf6 3. g3 g6 4. Bg2 Bg7 5. O-O O-O 6. d3 c6 7. c3 a5 8. Nbd2
Ng4 9. Nb1 b5 10. h3 Qb6+ 11. d4 Nf6 12. a3 Nbd7 13. Nbd2 Bb7 14. Ne5 Rad8 15.
e3 Ne8 16. g4 Nd6 17. Qe1 Nf6 18. Nd3 Nd7 19. Qh4 e6 20. Qg3 c5 21. Ne5 Nc4 22.
Ndxc4 bxc4 23. g5 Bc6 24. h4 Ba4 25. Rf2 f5 26. Bf3 Bxe5 27. fxe5 Rf7 28. h5
Rg7 29. hxg6 hxg6 30. Rh2 Kf7 31. Rb1 Qb3 32. Bd2 Qa2 33. Qe1 Bc2 34. Rc1 Qxb2
35. Rxc2 Qxc2 36. Bd1 Qb1 37. a4 Rb8 38. Qe2 Qd3 39. Kf2 Rb2 40. Qxd3 cxd3 41.
Ke1 Kg8 42. Rh4 c4 43. Rh6 Nb6 44. Bc1 Ra2 0-1

[Event "39th Olympiad Khanty-Mansiysk 2010"]
[Site "Khanty-Mansiysk/Russia"]
[Date "2010.09.21"]
[Round "1"]
[White "Matoussi, Amina"]
[Black "Jorgensen, Carina Eilegaa"]
[Result "0-1"]
[WhiteElo "1772"]
[BlackElo "2025"]
[PlyCount "24"]
[EventDate "2010.??.??"]
[WhiteTeam "Tunisia"]
[BlackTeam "Denmark"]
[WhiteTeamCountry "TUN"]
[BlackTeamCountry "DEN"]
[TimeControl "40/5400+30:1800+30"]

1. e4 c6 2. d4 d5 3. Nc3 dxe4 4. Nxe4 Bf5 5. Ng3 Bg6 6. Be2 Nd7 7. Nf3 e6 8.
Be3 Ngf6 9. Qd2 Nd5 10. O-O-O Bb4 11. c3 Nxc3 12. bxc3 Ba3+ 0-1

[Event "39th Olympiad Khanty-Mansiysk 2010"]
[Site "Khanty-Mansiysk/Russia"]
[Date "2010.09.21"]
[Round "1"]
[White "Elshereif, Mada"]
[Black "Hejazipour, Mitra"]
[Result "0-1"]
[WhiteElo "1766"]
[BlackElo "2239"]
[PlyCount "50"]
[EventDate "2010.??.??"]
[WhiteTeam "Yemen"]
[BlackTeam "Iran"]
[WhiteTeamCountry "YEM"]
[BlackTeamCountry "IRI"]
[TimeControl "40/5400+30:1800+30"]

1. e4 c5 2. Nf3 e6 3. d4 cxd4 4. Nxd4 a6 5. Be3 Nf6 6. Bd3 Qc7 7. O-O b5 8. Nd2
Bb7 9. Qe2 Nc6 10. Nxc6 Bxc6 11. Bg5 Bd6 12. f4 h6 13. Bxf6 gxf6 14. g3 h5 15.
Nf3 Bc5+ 16. Kh1 Ke7 17. c3 Rag8 18. Nd4 Bb7 19. Nf3 h4 20. Nxh4 f5 21. Rae1
Qc6 22. Qf3 Kd8 23. Re2 Be7 24. Ng2 Rh3 25. Kg1 Bc5+ 0-1

[Event "39th Olympiad Khanty-Mansiysk 2010"]
[Site "Khanty-Mansiysk/Russia"]
[Date "2010.09.21"]
[Round "1"]
[White "Naipal, Ekaterina"]
[Black "Kopinits, Anna-Christina"]
[Result "1-0"]
[WhiteElo "1766"]
[BlackElo "2210"]
[PlyCount "66"]
[EventDate "2010.??.??"]
[WhiteTeam "Surinam"]
[BlackTeam "Austria"]
[WhiteTeamCountry "SUR"]
[BlackTeamCountry "AUT"]
[TimeControl "40/5400+30:1800+30"]

1. d4 Nf6 2. c4 c5 3. d5 b5 4. cxb5 a6 5. b6 g6 6. Nf3 d6 7. Nc3 Nbd7 8. e4 Bg7
9. Be2 O-O 10. O-O Nxb6 11. Nd2 a5 12. Nc4 Nxc4 13. Bxc4 Nd7 14. f4 Qb6 15. Kh1
Ba6 16. Bxa6 Qxa6 17. Qe2 Qxe2 18. Nxe2 Rfb8 19. Nc3 a4 20. Nd1 a3 21. Rf2 Nb6
22. Rb1 axb2 23. Bxb2 Nc4 24. e5 Rxa2 25. h3 dxe5 26. Kh2 Nxb2 27. Rbxb2 Rbxb2
28. Rxb2 Rxb2 29. Nxb2 exf4 30. Nc4 Bd4 31. h4 Kg7 32. d6 exd6 33. Nxd6 f5 1-0

[Event "39th Olympiad Khanty-Mansiysk 2010"]
[Site "Khanty-Mansiysk/Russia"]
[Date "2010.09.21"]
[Round "1"]
[White "Kuan, Julian"]
[Black "Antonsen, Mikkel"]
[Result "0-1"]
[WhiteElo "1760"]
[BlackElo "2471"]
[PlyCount "76"]
[EventDate "2010.??.??"]
[WhiteTeam "Hong Kong"]
[BlackTeam "Denmark"]
[WhiteTeamCountry "HKG"]
[BlackTeamCountry "DEN"]
[TimeControl "40/5400+30:1800+30"]

1. e4 e5 2. d4 exd4 3. c3 d5 4. exd5 Qxd5 5. cxd4 Nc6 6. Be3 Bb4+ 7. Nc3 Qa5 8.
Qc2 Nf6 9. Bd3 Be7 10. Nge2 Nb4 11. Qd1 Nxd3+ 12. Qxd3 O-O 13. Ng3 c6 14. O-O
Re8 15. a3 h6 16. Rfe1 Be6 17. b4 Qd8 18. Nf5 Bf8 19. Red1 Nd5 20. Ng3 a5 21.
bxa5 Qxa5 22. Nce4 b6 23. Rdc1 Rec8 24. Nd2 Qa6 25. Qc2 c5 26. dxc5 Nxe3 27.
fxe3 Bxc5 28. Qe4 Rd8 29. Ndf1 Qd3 30. a4 Bf8 31. Rc6 Qxe4 32. Nxe4 Bd5 33.
Rxb6 Bxe4 34. a5 Rd6 35. Rb3 Rd3 36. Rb2 Ra3 37. Rxa3 Bxa3 38. Rb5 Bf8 0-1

[Event "39th Olympiad Khanty-Mansiysk 2010"]
[Site "Khanty-Mansiysk/Russia"]
[Date "2010.09.21"]
[Round "1"]
[White "Nikolovska, Dragana"]
[Black "Khotenashvili, Bela"]
[Result "0-1"]
[WhiteElo "1752"]
[BlackElo "2464"]
[PlyCount "66"]
[EventDate "2010.??.??"]
[WhiteTeam "MKD"]
[BlackTeam "Georgia"]
[BlackTeamCountry "GEO"]
[TimeControl "40/5400+30:1800+30"]

1. e4 c6 2. d4 d5 3. exd5 cxd5 4. c4 Nf6 5. Nc3 e6 6. Nf3 Bb4 7. cxd5 Nxd5 8.
Bd2 Nc6 9. Bd3 O-O 10. O-O Nf6 11. Be3 b6 12. Qc2 Bb7 13. Rfd1 h6 14. a3 Bd6
15. h3 Rc8 16. Qe2 Bb8 17. Ne5 Ne7 18. Ng4 Nf5 19. Nxf6+ Qxf6 20. Be4 Bxe4 21.
Nxe4 Qg6 22. Nd2 Rc2 23. Rab1 Nxe3 24. Qxe3 Qf5 25. Nf3 Rd8 26. Rd2 Rxd2 27.
Nxd2 Bf4 28. Qe1 Bxd2 29. Qf1 Rxd4 30. Rd1 Qc2 31. b4 Bc3 32. Rc1 Qd3 33. Qxd3
Rxd3 0-1

[Event "39th Olympiad Khanty-Mansiysk 2010"]
[Site "Khanty-Mansiysk/Russia"]
[Date "2010.09.21"]
[Round "1"]
[White "Basnayake, I U."]
[Black "Pham, Le Thao Nguyen"]
[Result "0-1"]
[WhiteElo "1746"]
[BlackElo "2304"]
[PlyCount "116"]
[EventDate "2010.??.??"]
[WhiteTeam "Sri Lanka"]
[BlackTeam "Vietnam"]
[WhiteTeamCountry "SRI"]
[BlackTeamCountry "VIE"]
[TimeControl "40/5400+30:1800+30"]

1. e4 c5 2. c3 d5 3. exd5 Qxd5 4. d4 Nf6 5. Nf3 e6 6. Be2 Be7 7. O-O O-O 8. h3
Nc6 9. Be3 cxd4 10. cxd4 Qd8 11. Nc3 Nb4 12. a3 Nbd5 13. Bd2 a6 14. Re1 b5 15.
Ne5 Bb7 16. Bf3 Rc8 17. Ne4 Nxe4 18. Bxe4 Ba8 19. Qb1 h6 20. Qd3 Bg5 21. Be3
Nb6 22. Bxa8 Rxa8 23. Nc6 Qf6 24. Ne5 Rfc8 25. Rac1 Nd5 26. Nd7 Qd8 27. Ne5 Bf6
28. Ng4 Bg5 29. Ne5 Bh4 30. Red1 Be7 31. Nc6 Qe8 32. Nxe7+ Qxe7 33. Rc2 Rd8 34.
Qe2 Qh4 35. Qf3 a5 36. Rc5 Rab8 37. Rdc1 a4 38. Qe2 b4 39. Rb5 Qe4 40. Rxb8
Rxb8 41. Qd2 bxa3 42. bxa3 Rb3 43. Re1 Qd3 44. Qa2 Rxa3 45. Qb2 Rb3 46. Qc1 a3
47. Qc8+ Kh7 48. Ra1 Rb1+ 49. Rxb1 Qxb1+ 50. Kh2 a2 51. Qf8 Nxe3 52. fxe3 a1=Q
53. Qxf7 Qg1+ 54. Kg3 Qxe3+ 55. Kh4 Qaxd4+ 56. g4 Qf2+ 57. Qxf2 Qxf2+ 58. Kh5
g6# 0-1

[Event "39th Olympiad Khanty-Mansiysk 2010"]
[Site "Khanty-Mansiysk/Russia"]
[Date "2010.09.21"]
[Round "1"]
[White "Marzouk, Amira"]
[Black "Treppendahl, Trine"]
[Result "0-1"]
[WhiteElo "1745"]
[BlackElo "2009"]
[PlyCount "68"]
[EventDate "2010.??.??"]
[WhiteTeam "Tunisia"]
[BlackTeam "Denmark"]
[WhiteTeamCountry "TUN"]
[BlackTeamCountry "DEN"]
[TimeControl "40/5400+30:1800+30"]

1. e4 c6 2. d4 d5 3. Nc3 dxe4 4. Nxe4 Nf6 5. Ng3 g6 6. Be2 Qc7 7. Be3 Bg7 8.
Qd2 h5 9. h4 Nd5 10. Bg5 Be6 11. c4 Nb6 12. Rc1 Qd8 13. Nf3 Bg4 14. Be3 N8d7
15. Ne4 Nf6 16. Nc5 Qc8 17. O-O Nbd7 18. Nb3 Ne4 19. Qd1 O-O 20. Ng5 Bxe2 21.
Qxe2 Nxg5 22. Bxg5 e5 23. Qd2 Kh7 24. d5 c5 25. Be7 Re8 26. d6 Bf8 27. Qd5 Kg8
28. Bg5 Re6 29. Rcd1 Rxd6 30. Qf3 Re6 31. Nd2 f6 32. Be3 f5 33. Qd5 Nb6 34. Qd3
f4 0-1

[Event "39th Olympiad Khanty-Mansiysk 2010"]
[Site "Khanty-Mansiysk/Russia"]
[Date "2010.09.21"]
[Round "1"]
[White "Lin, Chieh-Sheng Jason"]
[Black "Can, Emre"]
[Result "1-0"]
[WhiteElo "1736"]
[BlackElo "2500"]
[PlyCount "89"]
[EventDate "2010.??.??"]
[WhiteTeam "TPE"]
[BlackTeam "Turkey"]
[BlackTeamCountry "TUR"]
[TimeControl "40/5400+30:1800+30"]

1. e4 c5 2. Nf3 Nc6 3. Bb5 d6 4. O-O Bd7 5. Re1 Nf6 6. c3 a6 7. Bf1 Bg4 8. h3
Bxf3 9. Qxf3 g6 10. d3 Bg7 11. Bg5 Nd7 12. Nd2 b5 13. Rac1 O-O 14. Qe3 Re8 15.
Bh6 Bh8 16. f4 Nb6 17. Nf3 Na4 18. Qf2 Qb6 19. e5 b4 20. cxb4 Qxb4 21. Rc4 Qa5
22. Rce4 d5 23. R4e2 e6 24. Qh4 Rab8 25. Bg5 Bg7 26. Bh6 Qd8 27. Ng5 Bh8 28.
Qf2 Nd4 29. Nf3 Nxe2+ 30. Rxe2 Rb7 31. Bg5 f6 32. Bh4 Rf7 33. Nh2 g5 34. Ng4
gxh4 35. Nh6+ Kg7 36. Nxf7 Kxf7 37. Qxh4 fxe5 38. Qxh7+ Bg7 39. Rf2 Qf6 40.
Qh5+ Ke7 41. fxe5 Qxe5 42. Qh4+ Bf6 43. Qxa4 Qe3 44. Qf4 Bd4 45. Qc7# 1-0

[Event "39th Olympiad Khanty-Mansiysk 2010"]
[Site "Khanty-Mansiysk/Russia"]
[Date "2010.09.21"]
[Round "1"]
[White "Al-Khelaifi, Salama"]
[Black "Sabirova, Olga"]
[Result "0-1"]
[WhiteElo "1736"]
[BlackElo "2216"]
[PlyCount "46"]
[EventDate "2010.??.??"]
[WhiteTeam "Qatar"]
[BlackTeam "Uzbekistan"]
[WhiteTeamCountry "QAT"]
[BlackTeamCountry "UZB"]
[TimeControl "40/5400+30:1800+30"]

1. d4 Nf6 2. Nc3 d5 3. Bg5 Nbd7 4. Qd3 c6 5. e4 dxe4 6. Nxe4 Nxe4 7. Qxe4 h6 8.
Bh4 Nf6 9. Bxf6 gxf6 10. Bc4 Qa5+ 11. c3 Bf5 12. Qe2 e6 13. O-O-O Bd6 14. Nf3
O-O-O 15. g3 Rhe8 16. Rhe1 b5 17. Bb3 Qc7 18. Nd2 a6 19. Ne4 Be7 20. g4 Qf4+
21. Kb1 Bxg4 22. f3 Bxf3 23. Qf2 Bxe4+ 0-1

[Event "39th Olympiad Khanty-Mansiysk 2010"]
[Site "Khanty-Mansiysk/Russia"]
[Date "2010.09.21"]
[Round "1"]
[White "Dos Ramos, Rosangela"]
[Black "Newrkla, Katharina"]
[Result "1-0"]
[WhiteElo "1733"]
[BlackElo "2123"]
[PlyCount "98"]
[EventDate "2010.??.??"]
[WhiteTeam "Surinam"]
[BlackTeam "Austria"]
[WhiteTeamCountry "SUR"]
[BlackTeamCountry "AUT"]
[TimeControl "40/5400+30:1800+30"]

1. e4 c5 2. Nf3 d6 3. d4 cxd4 4. Nxd4 Nf6 5. Nc3 a6 6. Be3 e5 7. Nb3 Be6 8. Be2
Nbd7 9. O-O Qc7 10. Kh1 Rc8 11. Rc1 Be7 12. f4 b5 13. a3 O-O 14. Qe1 Bc4 15.
Rd1 Rfd8 16. Qf2 Bxe2 17. Qxe2 Qc6 18. Qf3 Rb8 19. Rf2 b4 20. Nd5 Nxd5 21. exd5
Qc7 22. a4 Bf6 23. Rb1 Re8 24. Re2 Re7 25. f5 e4 26. Qf2 Ne5 27. Nd4 Ng4 28.
Qg3 Nxe3 29. Qxe3 Ree8 30. Nc6 Rb6 31. a5 Rb5 32. Qb3 Qd7 33. Rf1 h6 34. Re3
Bg5 35. Re2 e3 36. Qd3 Qb7 37. b3 Rc5 38. Rc1 Rc3 39. Qd4 Qb5 40. Qd1 Re4 41.
g3 Rc5 42. Na7 Qd7 43. Nc6 Qxf5 44. Kg2 Rxd5 45. Qe1 Rd2 46. c4 bxc3 47. Rxc3
Qd5 48. Rc1 Rf4+ 49. Kg1 Rf2 1-0

[Event "39th Olympiad Khanty-Mansiysk 2010"]
[Site "Khanty-Mansiysk/Russia"]
[Date "2010.09.21"]
[Round "1"]
[White "Jalal, Amani"]
[Black "Pourkashiyan, Atousa"]
[Result "0-1"]
[WhiteElo "1708"]
[BlackElo "2322"]
[PlyCount "67"]
[EventDate "2010.??.??"]
[WhiteTeam "Yemen"]
[BlackTeam "Iran"]
[WhiteTeamCountry "YEM"]
[BlackTeamCountry "IRI"]
[TimeControl "40/5400+30:1800+30"]

1. e4 c5 2. Nf3 e6 3. d4 cxd4 4. Nxd4 a6 5. a3 Nf6 6. Nc3 Qc7 7. Be2 b5 8. Bd2
Bb7 9. f3 Bc5 10. Nb3 Ba7 11. Nc1 Nc6 12. Nd3 Ne5 13. Nxe5 Qxe5 14. Bd3 d5 15.
Qe2 dxe4 16. Bxe4 Nxe4 17. fxe4 O-O 18. O-O-O Rac8 19. Be3 Bxe3+ 20. Qxe3 Rc4
21. Rhe1 Qxh2 22. Rd4 Rxd4 23. Qxd4 h6 24. Ne2 Qh4 25. g3 Qxe4 26. Qxe4 Bxe4
27. Nd4 Bd5 28. Ne2 g5 29. Nc3 Bc6 30. Re5 Rd8 31. Rc5 Bf3 32. Rc7 Kg7 33. a4
b4 34. Nb1 0-1

[Event "39th Olympiad Khanty-Mansiysk 2010"]
[Site "Khanty-Mansiysk/Russia"]
[Date "2010.09.21"]
[Round "1"]
[White "Safar, Reem"]
[Black "Nodirjanova, Nodira"]
[Result "0-1"]
[WhiteElo "1702"]
[BlackElo "2136"]
[PlyCount "64"]
[EventDate "2010.??.??"]
[WhiteTeam "Qatar"]
[BlackTeam "Uzbekistan"]
[WhiteTeamCountry "QAT"]
[BlackTeamCountry "UZB"]
[TimeControl "40/5400+30:1800+30"]

1. d4 d5 2. c4 dxc4 3. Nf3 Nf6 4. e3 e6 5. Bxc4 c5 6. Qe2 a6 7. dxc5 Bxc5 8.
O-O Nc6 9. e4 b5 10. Bd3 Nb4 11. Bc2 Bb7 12. Nc3 Nxc2 13. Qxc2 Qb6 14. Bf4 O-O
15. Qe2 Qa7 16. Rac1 Rac8 17. e5 Nd5 18. Nxd5 Bxd5 19. b3 Qb7 20. Rfd1 Ba3 21.
Rxc8 Rxc8 22. Qd3 h6 23. Bd2 Be4 24. Qe3 Rc2 25. b4 Rxa2 26. Ne1 Bb2 27. Bc3
Ra3 28. Bxb2 Rxe3 29. fxe3 Qe7 30. Rd6 Qg5 31. Bc1 Qxe5 32. Rxa6 Qc3 0-1

[Event "39th Olympiad Khanty-Mansiysk 2010"]
[Site "Khanty-Mansiysk/Russia"]
[Date "2010.09.21"]
[Round "1"]
[White "Muhtojzoda, Asila"]
[Black "Umudova, Nargiz"]
[Result "0-1"]
[WhiteElo "1696"]
[BlackElo "2251"]
[PlyCount "73"]
[EventDate "2010.??.??"]
[WhiteTeam "Tajikistan"]
[BlackTeam "Azerbaijan"]
[WhiteTeamCountry "TJK"]
[BlackTeamCountry "AZE"]
[TimeControl "40/5400+30:1800+30"]

1. d4 Nf6 2. c4 c5 3. Nf3 cxd4 4. Nxd4 g6 5. Nc3 Bg7 6. e4 d6 7. Be2 O-O 8. Be3
Nc6 9. O-O Bd7 10. f4 Nxd4 11. Bxd4 Bc6 12. Bf3 Nd7 13. Bxg7 Kxg7 14. b4 Qb6+
15. Kh1 Qxb4 16. Nd5 Bxd5 17. cxd5 Nc5 18. Rb1 Qc3 19. Qe2 b6 20. e5 Qd3 21.
Qf2 Rac8 22. Rfd1 Qc3 23. Bg4 Rc7 24. Qe2 f5 25. Bf3 Na4 26. exd6 exd6 27. Qe6
Qf6 28. Rbc1 Nc5 29. Qe2 Re7 30. Qb5 Rfe8 31. h3 Re3 32. Kh2 R8e7 33. a4 h5 34.
a5 bxa5 35. Qxa5 Rxf3 36. gxf3 Re4 37. Ra1 0-1

[Event "39th Olympiad Khanty-Mansiysk 2010"]
[Site "Khanty-Mansiysk/Russia"]
[Date "2010.09.21"]
[Round "1"]
[White "Karsokaite, Irena"]
[Black "Vega Gutierrez, Belinda"]
[Result "0-1"]
[WhiteElo "1660"]
[BlackElo "2233"]
[PlyCount "90"]
[EventDate "2010.??.??"]
[WhiteTeam "IBC"]
[BlackTeam "Espana"]
[BlackTeamCountry "ESP"]
[TimeControl "40/5400+30:1800+30"]

1. e4 e5 2. Nf3 Nc6 3. Bc4 Nf6 4. d3 Be7 5. O-O O-O 6. c3 d6 7. Nbd2 Na5 8. Bb5
a6 9. Ba4 b5 10. Bc2 c5 11. Re1 Qc7 12. h3 Re8 13. Nf1 h6 14. Ne3 Bf8 15. Bd2
Be6 16. Nh4 g6 17. Nf3 Bg7 18. Nh2 h5 19. Nf3 d5 20. exd5 Nxd5 21. Ng5 Nf4 22.
Nxe6 Rxe6 23. Nf1 Nd5 24. Ng3 Rd8 25. Ne4 c4 26. Qf3 cxd3 27. Bxd3 f5 28. Ng5
Red6 29. Bxf5 gxf5 30. Qxf5 Nc4 31. Qh7+ Kf8 32. Qf5+ Nf6 33. Nh7+ Kg8 34.
Nxf6+ Rxf6 35. Qxh5 Rxd2 36. Qe8+ Rf8 37. Qe6+ Qf7 38. Qg4 Qxf2+ 39. Kh1 Ne3
40. Rxe3 Qxe3 41. Qe6+ Kh8 42. Qg4 Rdf2 43. Qh4+ Bh6 44. Rd1 Rf1+ 45. Rxf1
Rxf1+ 0-1